 Dungeon Crawl Stone Soup version 0.31.0-32-g396128a36d (webtiles) character file.

Game seed: 10634564453986965689

111 jimmypageman the Shield-Bearer (level 4, 0/40 HPs)
             Began as a Minotaur Fighter on Apr 13, 2024.
             Slain by Robin
             ... wielding a +1 falchion of flaming
              (3 damage)
             ... on level 3 of the Dungeon.
             The game lasted 00:02:22 (2271 turns).

jimmypageman the Shield-Bearer (Minotaur Fighter)   Turns: 2271, Time: 00:02:24

Health: 0/40       AC:  7    Str: 23    XL:     4   Next: 62%
Magic:  3/3        EV: 10    Int:  5    God:
Gold:   97         SH:  0    Dex:  9    Spells: 3/3 levels left

rFire   . . .        a - +0 war axe
rCold   . . .        f - orb {light}
rNeg    . . .        b - +0 scale mail
rPois   .            (helmet restricted)
rElec   .            (no cloak)
rCorr   .            (no gloves)
SInv    .            (no boots)
Will    .....        (no amulet) Stlth
                     (no ring)
HPRegen 0.26/turn    (no ring)
MPRegen 0.08/turn

%: no passive effects
@: glowing
A: horns 2, retaliatory headbutt
a: no special abilities


You were on level 3 of the Dungeon.
You visited 1 branch of the dungeon, and saw 3 of its levels.

You collected 118 gold pieces.
You spent 21 gold pieces at shops.

Inventory:

Hand Weapons
 a - a +0 war axe (weapon)
Armour
 b - a +0 scale mail (worn)
 c - a +0 buckler
 f - an orb of light (worn)
Jewellery
 o - an amulet of faith
Scrolls
 g - 2 scrolls of poison {unknown}
 h - 2 scrolls of blinking {unknown}
 j - a scroll of fear {unknown}
 k - 2 scrolls of identify {unknown}
 m - a scroll of noise {unknown}
 n - a scroll of amnesia {unknown}
 p - a scroll of fog {unknown}
 q - a scroll of torment {unknown}
Potions
 d - 2 potions of might
 e - a potion of brilliance {unknown}
 i - a potion of haste {unknown}
 l - a potion of enlightenment {unknown}
 r - a potion of curing {unknown}


   Skills:
 + Level 3.9 Fighting
 * Level 3.9 Axes
 + Level 4.6 Armour
 + Level 0.2 Dodging
 * Level 4.6 Shields


You had 3 spell levels left.
You didn't know any spells.
Your spell library was empty.

Dungeon Overview and Level Annotations

Branches:
Dungeon (3/15)

Altars:

Shops:
D:1 *

Annotations:
D:3 Robin


Innate Abilities, Weirdness & Mutations

You have a pair of horns on your head.
You reflexively headbutt those who attack you in melee.


Message History

You hit the goblin.
You kill the goblin!
The hobgoblin barely misses you. You furiously retaliate!
You headbutt the hobgoblin!
You kill the hobgoblin!
You slash the goblin!
You kill the goblin!
Unknown command.
Robin hits you with a +1 falchion of flaming.
Robin burns you.
Items here: )))) †††.
Unknown command.
You hit Robin. Your headbutt misses Robin.
Robin is lightly wounded.
Robin hits you with a +1 falchion of flaming!
Robin burns you.
Robin hits you with a +1 falchion of flaming.
Robin burns you.
Unknown command.
You are too injured to fight recklessly!
You are too injured to fight recklessly!
Unknown command.
You are too injured to fight recklessly!
You are too injured to fight recklessly!
Robin hits you with a +1 falchion of flaming.
* * * LOW HITPOINT WARNING * * *
Robin burns you.
* * * LOW HITPOINT WARNING * * *
Things that are here:
a +0 dagger; a +0 club; a goblin corpse You hit Robin but do no damage.
You headbutt Robin.
Robin is moderately wounded.
Robin barely misses you.
You hit Robin.
Robin is severely wounded.
Robin hits you with a +1 falchion of flaming.
* * * LOW HITPOINT WARNING * * *
Robin burns you.
You die...
Robin calls out, "Let's celebrate!
Time for a feast!"

### ..###### #####
#......# #...#####
#......# #...#....
#......# #.....#
##......# ##..).########
.#......# #...).).......
........# #.##)†@g......
.##.....# #.##..........
.##.....###.##..........
.##.....'...##....$.....
.##.....######..........
.##.....# #..........
.###..### #........?. .#
#.## #.......... #.#


You could see Robin.

Vanquished Creatures
  A gnoll (D:1)
  3 adders
  A dart slug (D:1)
  3 ribbon worms
  6 endoplasms
  A giant cockroach (D:1)
  15 goblins
  6 hobgoblins
  4 jackals (D:3)
  2 quokkas
  5 ball pythons (D:2)
  6 bats
  5 kobolds
  5 rats
63 creatures vanquished.

Notes
Turn   | Place    | Note
-------+----------+-------------------------------------------
     0 | D:1      | jimmypageman the Minotaur Fighter began the quest for the
                  | Orb.
     0 | D:1      | Reached XP level 1. HP: 19/19 MP: 0/0
   262 | D:1      | Reached XP level 2. HP: 27/27 MP: 1/1
   431 | D:1      | HP: 1/27 [gnoll/+0 whip (4)]
   841 | D:1      | Found Ehiask's Assorted Antiques.
   850 | D:1      | Bought a scroll labelled TEAQYT YDDUOM for 21 gold pieces
   874 | D:1      | You fall into a shaft and drop 1 floor!
   908 | D:2      | Reached XP level 3. HP: 33/33 MP: 2/2
  1554 | D:2      | Reached XP level 4. HP: 39/40 MP: 3/3
  2259 | D:3      | Noticed Robin
  2271 | D:3      | Slain by Robin

Illustrated notes

Levels and vault maps discovered:
D:1:      dpeg_arrival_three_same_balls, layout_loops_corners, serial_shops,
          nicolae_shop_getting_attention
D:2:      wad_crossroads, layout_basic, serial_corexii_hall,
          corexii_hall_statues_l, chequers_hall_statues_corner_a,
          grunt_ministairs_13
D:3:      layout_basic, uniq_robin

Skill      XL: |  1  2  3 |
---------------+----------+-----
Shields        | 4 |  4.6
Armour         | 4 |  4.6
Axes           | 3 |  3.9
Fighting       | |  3.9
Dodging        | |  0.2

Action                     |  1- 3 |  4- 6 || total
---------------------------+-------+-------++-------
  Melee: War axe           |    68 |    31 ||    99
         Headbutt          |     8 |     7 ||    15
 Armour: Scale mail        |    49 |    37 ||    86
  Dodge: Dodged            |    35 |    22 ||    57
  Block: Buckler           |     3 |       ||     3
